Map: Triton LE

Players

Mez

  • Race: Terran Terran
  • League: Master
  • Spawn Location: 5:00

A.I. 1 (Very Easy) - Winner!

  • Race: Terran Terran
  • Spawn Location: 11:00

VOD

Have the link to the VOD?

Description

Time

  • Played on: Aug. 26, 2019, 11:19 p.m.
  • Length: 6:30
Show
View Real Time Build Order
Export as new Build Order

Mez Terran 

Build Orders:  

Get SALT Encoding   

  12  0:01  SCV  
  13  0:13  SCV  
  14  0:19  Supply Depot  
  14  0:25  SCV  
  15  0:30  Refinery  
  15  0:41  SCV  
  16  0:45  Barracks  
  16  0:53  SCV  
  17  1:05  SCV  
  18  1:17  SCV  
  20  1:33  Reaper  
  20  1:35  Orbital Command  
  20  1:52  Bunker  
  20  1:59  Supply Depot  
  20  2:05  Supply Depot  
  20  2:14  Supply Depot  
  20  2:17  Bunker  
  20  2:19  Supply Depot  
  20  2:22  Supply Depot  
Show
View Real Time Build Order
Export as new Build Order

A.I. 1 (Very Easy) Terran - Winner!

Build Orders:  

Get SALT Encoding   

  12  0:00  SCV  
  13  0:13  SCV  
  14  0:18  Supply Depot  
  14  0:37  Refinery  
  14  0:41  Barracks  
  14  1:03  Supply Depot  
  14  1:12  Refinery  
  14  1:28  Barracks Tech Lab  
  14  1:30  Orbital Command  
  14  1:46  Marauder  
  16  1:55  SCV  
  17  2:07  SCV  
  18  2:20  SCV  
  19  2:27  Marine  
  20  2:32  SCV  
  21  2:44  SCV  
  22  2:56  SCV  
  23  3:07  Marine  
  24  6:23  Factory  
  24  6:25  Supply Depot  
  26  6:28  Command Center  
Tags
 
League
Master
Matchup
TvT
Race
Terran
Replay Pack
Spawningtool_Mez
Spawn Locations
Cross Positions
Add a new tag
Caveats
  • Supply blocks, unpowered buildings, or Contaminate may cause inaccurate times.
  • Supply counts are checked every 10 seconds.